 Dungeon Crawl Stone Soup version 0.16-a0-3667-g690a316 (webtiles) character file.

63 lagrange the Skirmisher (level 3, 0/32 HPs)
             Began as a Bearkin Monk on Jan 22, 2015.
             Was a Believer of Yredelemnul.
             Succumbed to an adder's poison
             ... on level 3 of the Dungeon.
             The game lasted 00:04:02 (1705 turns).

lagrange the Skirmisher (Bearkin Monk)              Turns: 1705, Time: 00:04:02

Health: 0/32       AC:  3    Str: 14    XL:     3   Next: 87%
Magic:  3/3        EV: 12    Int: 10    God:    Yredelemnul [**....]
Gold:   88         SH:  0    Dex: 13    Spells: 0 memorised, 2 levels left

rFire  . . .     SeeInvis .       - Unarmed
rCold  . . .     Clarity  .     e - +0 robe {MR+}
rNeg   . . .     SustAb   .     (no shield)
rPois  .         Gourm    .     (no helmet)
rElec  .         Spirit   .     (no cloak)
rCorr  .         Warding  .     (no gloves)
rMut   .         Stasis   +     (no boots)
MR     +....                    g - amulet of stasis
Stlth  ++........               (no ring)
                                (no ring)

@: lethally poisoned, somewhat resistant to hostile enchantments, unstealthy
A: claws 1, shaggy fur 1, hind claws 1, cornered berserk
a: Cornered Berserk, Animate Remains, Recall Undead Slaves, Injury Mirror,
Renounce Religion


You were on level 3 of the Dungeon.
You worshipped Yredelemnul.
Yredelemnul was pleased with you.
You were hungry.

You visited 1 branch of the dungeon, and saw 3 of its levels.

You collected 88 gold pieces.

Inventory:

Armour
 a - a +0 robe
 e - a +0 robe of magic resistance (worn)
Jewellery
 g - an amulet of stasis (around neck)
Scrolls
 d - 2 scrolls of remove curse {unknown}
 h - a scroll of fog {unknown}
 i - a scroll of enchant armour {unknown}
 k - a scroll of fear {unknown}
 m - 2 scrolls of identify {unknown}
 o - a scroll of noise {unknown}
Potions
 c - 2 potions of heal wounds {unknown}
 f - a potion of haste {unknown}
 l - a potion of curing {unknown}
 n - a potion of restore abilities {unknown}
Comestibles
 b - 4 bread rations
 j - 2 meat rations


   Skills:
 + Level 4.8 Fighting
 - Level 2.4 Dodging
 - Level 1.5 Stealth
 - Level 4.0 Unarmed Combat


You had 2 spell levels left.
You didn't know any spells.

Dungeon Overview and Level Annotations

Branches:
Dungeon (3/15)

Altars:
Dithmenos
Elyvilon
Yredelemnul


Innate Abilities, Weirdness & Mutations

You have sharp fingernails.
You are covered in fur (AC +1).
Your hind legs have claws.
You can berserk when greatly wounded.


Message History

The adder is heavily wounded.
* * * LOW HITPOINT WARNING * * *
You feel sick.
The adder is no longer bleeding.
The adder bites you.
* * * LOW HITPOINT WARNING * * *
You are more poisoned.
The adder poisons you!
Use which ability? (? or * to list)
You cannot go berserk while under stasis.
* * * LOW HITPOINT WARNING * * *
You feel sick. The adder closely misses you.
You barely miss the adder.
Your hind claws misses the adder.
The adder is heavily wounded.
* * * LOW HITPOINT WARNING * * *
You feel sick. The adder bites you.
* * * LOW HITPOINT WARNING * * *
The adder closely misses you.
You closely miss the adder.
Your hind claws misses the adder.
The adder is heavily wounded.
You die...
Your body rises from the dead as a mindless zombie.

#.# #.# ## #.#
#### #. ###.###
##_#####.
#.....########
##...##...
####.............
#8...8###.
.........########
##...####.
####.....#########
##.###...
...........†.....#
#'#♣#.#.
#######.########@#
♣...'.#. # #.# #S#
#'#♣###. # #.# #.#
##.## #. ### ...
#.# #...# #. ....
.. #.# #8...8# ##
### #.. #.#
##...## ### #.#
##_## #.. ### ###


You could see an adder.

Vanquished Creatures
  4 adders
  A giant gecko (D:1)
  2 giant cockroaches
  9 goblins
  A hobgoblin (D:3)
  3 kobolds
  A ball python (D:2)
  3 bats
  A giant newt (D:2)
  3 rats
28 creatures vanquished.

Notes
Turn   | Place    | Note
--------------------------------------------------------------
     0 | D:1      | lagrange, the Bearkin Monk, began the quest for the Orb.
     0 | D:1      | Reached XP level 1. HP: 18/18 MP: 1/1
   442 | D:1      | Reached XP level 2. HP: 24/24 MP: 2/2
   775 | D:2      | Reached XP level 3. HP: 21/30 MP: 3/3
   935 | D:2      | Found a white marble altar of Elyvilon.
  1585 | D:3      | Found a shadowy altar of Dithmenos.
  1587 | D:3      | Found a basalt altar of Yredelemnul.
  1598 | D:3      | Became a worshipper of Yredelemnul the Dark
  1598 | D:3      | Acquired Yredelemnul's first power
  1598 | D:3      | Acquired Yredelemnul's second power
  1704 | D:3      | HP: 1/32 [adder (3)]
  1705 | D:3      | Succumbed to an adder's poison

Action                   || total
-------------------------++-------
Melee: Unarmed           ||   103
 Abil: Cornered Berserk  ||     1
  Eat: Pizza             ||     1
